 Dungeon Crawl Stone Soup version 0.24.0-35-gdb84b6a5db (webtiles) character file.

Game seed: 8908851962877344653, levelgen mode: deterministic

45840 Gruesph the Carver (level 14, -4/114 HPs)
             Began as a Barachi Fighter on Nov 20, 2019.
             Was a High Priest of Cheibriados.
             Slain by a harpy (10 damage)
             ... summoned by Kirke
             ... on level 6 of the Lair of Beasts.
             The game lasted 01:31:36 (24646 turns).

Gruesph the Carver (Barachi Fighter)               Turns: 24646, Time: 01:31:36

Health: -4/114     AC:  0    Str: 35    XL:     14   Next: 34%
Magic:  0/21       EV: 13    Int: 24    God:    Cheibriados [*****.]
Gold:   1177       SH:  0    Dex: 26    Spells: 13/13 levels left

rFire    . . .     SeeInvis .   (weapon currently unavailable)
rCold    . . .     Gourm    .   (shield currently unavailable)
rNeg     . . .     Faith    .   (armour currently unavailable)
rPois    .         Spirit   +   (helmet currently unavailable)
rElec    .         Reflect  .   (cloak currently unavailable)
rCorr    .         Harm     .   (gloves currently unavailable)
MR       +....                  (boots currently unavailable)
Stlth    ++........             C - amulet of guardian spirit
HPRegen  0.29/turn              (ring currently unavailable)
MPRegen  0.17/turn              (ring currently unavailable)

@: pig-form, slowed, very slow
A: small, +LOS, swims
a: Bend Time, Temporal Distortion, Slouch, Step From Time, Renounce Religion


You were on level 6 of the Lair of Beasts.
You worshipped Cheibriados.
Cheibriados was extremely pleased with you.
You were hungry.
You were a filthy swine.
You visited 3 branches of the dungeon, and saw 19 of its levels.

You collected 1369 gold pieces.
You spent 192 gold pieces at shops.

Inventory:

Hand Weapons
 a - a +2 demon blade of electrocution (melded)
Missiles
 E - 3 throwing nets (quivered)
Armour
 j - a +1 shield (melded)
 k - a +1 helmet (melded)
 p - a scarf of resistance (melded)
 s - a +2 pair of gloves (melded)
 z - a +0 plate armour (melded)
 S - a +0 pair of boots (melded)
Jewellery
 g - an uncursed ring of protection from cold
 C - an amulet of guardian spirit (around neck)
 D - an uncursed ring of resist corrosion
 H - a ring of see invisible (melded)
 J - an uncursed ring of protection from fire
 R - a ring of poison resistance (melded)
 U - an uncursed ring of ice {unknown}
Wands
 m - a wand of iceblast (24)
 u - a wand of scattershot (16)
 v - a wand of flame (3)
 x - a wand of paralysis (2)
 B - a wand of disintegration (2)
 O - a wand of digging (5)
 T - a wand of polymorph (13)
Scrolls
 e - 10 scrolls of teleportation
 h - 3 scrolls of amnesia
 i - 4 scrolls of identify
 q - 4 scrolls of enchant armour
 r - 5 scrolls of remove curse
 y - 3 scrolls of enchant weapon
 A - 3 scrolls of fog
 K - a scroll of blinking
 L - a scroll of fear
 N - a scroll of magic mapping
 Q - 2 scrolls of immolation
Potions
 b - 2 potions of lignification
 c - 3 potions of curing
 d - 5 potions of flight
 l - a potion of invisibility
 n - a potion of brilliance
 o - a potion of magic
 t - 6 potions of heal wounds
 w - a potion of agility
 F - a potion of cancellation
 G - 2 potions of ambrosia
 I - 2 potions of might
 M - a potion of berserk rage {unknown}
 P - a potion of haste {unknown}
Comestibles
 f - 29 rations


   Skills:
 - Level 11.9 Fighting
 - Level 14.0 Long Blades
 - Level 11.8 Armour
 + Level 10.9 Shields
 - Level 10.0 Invocations
 - Level 10.0 Evocations


You had 13 spell levels left.
You didn't know any spells.
Your spell library contained the following spells:

 Spells                   Type           Power        Failure   Level  Hunger
 Shock                    Conj/Air       #...         14%         1    ##.....
 Swiftness                Chrm/Air       #.......     22%         2    ###....
 Static Discharge         Conj/Air       #.......     41%         3    ####...
 Airstrike                Air            #.........   82%         4    #####..
 Lightning Bolt           Conj/Air       #.........   99%         5    ######.


Dungeon Overview and Level Annotations

Branches:
Dungeon (12/15)            Temple (1/1) D:6            Lair (6/6) D:11
 Shoals (0/4) Lair:3        Snake (0/4) Lair:2        Slime (0/5) Lair:6
    Orc (0/2) D:10

Altars:
Ashenzari
Cheibriados
Dithmenos
Elyvilon
Fedhas
Gozag
Hepliaklqana
Kikubaaqudgha
Makhleb
Nemelex Xobeh
Okawaru
Qazlal
Ru
Sif Muna
Trog
Uskayaw
Vehumet
Wu Jian
Xom
Yredelemnul
Zin
The Shining One

Shops:
D:4 [   D:5 !   D:7 :   D:11 !

Annotations:
D:7 5 runed translucent doors
Lair:5 2 transporters, lenfi's ghost, journeyman CeHu
Lair:6 exclusion: 3 doors, Kirke


Innate Abilities, Weirdness & Mutations

Shadows flee at your approach. (+LOS)
You can swim through water.
((You cover ground slowly.))
((You can hop long distances.))


Message History

The harpy claws you. x2; The harpy claws you!
The harpy misses you. Kirke hits you!
You closely miss Kirke.
Kirke is heavily wounded.
The harpy closely misses you. x2; Kirke hits you!
The harpy barely misses you. The harpy claws you!
You bite Kirke!
Kirke is heavily wounded.
The harpy claws you.
* * * LOW HITPOINT WARNING * * *
The harpy claws you.
* * * LOW HITPOINT WARNING * * *
The harpy claws you.
* * * LOW HITPOINT WARNING * * *
The harpy claws you.
* * * LOW HITPOINT WARNING * * *
Kirke hits you!
* * * LOW HITPOINT WARNING * * *
The harpy claws you!
You die...

......#...)..,,,,* *....#*,,,,**
.....P....P.#*,****##.†..#**,,,,,
...........##**####P.....#,,,,,,,
..P.........####.#.P......******,
.###.###...#.##..........#**,***,
.P...#.#...........†.....#,,,,,,*
..........................,,,,,,,
.................@........,,,,,,,
................hH........,,,,,,,
............#...#H#.......,,,,,,,
.............#.####.#....P,,,,,**
.PP...P....##......##,....*******
P######.....#P.......,,...**,*,*,
.#*,*#......##....#.P,,,.P*,,,**,
#...........#......#..,,,.**,,,,,
#...#.......#.....##*,,,,,**,,,,,
##..##.....###....#*,,,,,,,*,,,*,


You could see Kirke and 2 harpies.

Vanquished Creatures
  Fannar (D:10)
  6 hydras
  Harold (Lair:1)
  5 two-headed ogres
  Urug (D:12)
  Nergalle (Lair:2)
  Sonja (Lair:2)
  3 unseen horrors
  A deep elf mage (D:12)
  2 cyclopes
  An oklob plant (Lair:5)
  A manticore (D:11)
  5 centaur zombies
  A merfolk siren (Lair:3)
  Joseph (D:10)
  A gargoyle (D:12)
  3 black mambas
  4 spiny frogs
  5 komodo dragons
  4 trolls
  2 polar bears
  2 hornets
  9 dream sheep
  8 blink frogs
  15 hippogriffs
  A water elemental (D:11)
  Sigmund (D:5)
  A human (D:7)
  10 hogs
  A basilisk (Lair:6)
  Grum (D:10)
  28 yaks
  2 vampire mosquitoes (D:12)
  A hungry ghost (D:9)
  Menkaure (D:5)
  4 nagas (Lair:2)
  Edmund (D:4)
  An acid dragon (D:12)
  10 porcupines
  A swamp drake (D:10)
  15 water moccasins
  Duvessa (D:5)
  Purgy (D:3)
  5 ice beasts
  2 phantoms
  3 sky beasts
  3 black bears
  2 necrophages
  5 orc warriors
  9 centaurs
  26 wolves
  3 ogres
  8 crocodiles
  4 big kobolds
  10 bullfrogs
  Dowan (D:5)
  4 scorpions
  A water moccasin zombie (D:8)
  2 wyvern skeletons
  5 wights
  10 killer bees
  A howler monkey (D:5)
  3 electric eels
  3 crimson imps
  A quasit (D:12)
  12 hounds
  2 centaur skeletons
  A jelly (D:6)
  7 orc priests
  18 orc wizards
  Crazy Yiuf (D:3)
  Jessica (D:3)
  A bullfrog skeleton (D:12)
  3 iguanas
  Natasha (thrice) (D:3)
  12 worker ants
  A killer bee zombie (D:8)
  2 hound zombies (D:11)
  A worker ant zombie (D:5)
  Robin (D:3)
  6 gnolls
  A howler monkey zombie (D:7)
  18 adders
  4 shadow imps
  An ooze (D:2)
  7 worms
  6 dart slugs
  8 leopard geckos
  56 orcs
  3 giant cockroaches
  16 goblins
  10 hobgoblins
  19 jackals
  23 kobolds
  3 quokkas
  A ball python skeleton (D:4)
  8 bats
  5 frilled lizards
  A leopard gecko skeleton (D:4)
  A quokka skeleton (D:4)
  A quokka zombie (D:5)
  10 rats
550 creatures vanquished.

Vanquished Creatures (others)
  An orc wizard (D:5)
  A plant (Lair:4)
2 creatures vanquished.

Grand Total: 552 creatures vanquished

Notes
Turn   | Place    | Note
-------+----------+-------------------------------------------
     0 | D:1      | Gruesph the Barachi Fighter began the quest for the Orb.
     0 | D:1      | Reached XP level 1. HP: 18/18 MP: 1/1
    76 | D:1      | Reached skill level 3 in Long Blades
    78 | D:1      | Reached XP level 2. HP: 16/25 MP: 2/2
   523 | D:1      | Reached skill level 4 in Long Blades
   523 | D:1      | Reached XP level 3. HP: 30/30 MP: 3/3
  1224 | D:2      | Noticed a bullfrog
  1243 | D:2      | Killed a bullfrog
  1243 | D:2      | Reached skill level 5 in Long Blades
  1243 | D:2      | Reached XP level 4. HP: 27/37 MP: 4/4
  1363 | D:2      | Reached XP level 5. HP: 42/42 MP: 5/5
  1478 | D:2      | Reached skill level 6 in Long Blades
  2434 | D:3      | Reached skill level 7 in Long Blades
  2443 | D:3      | Noticed Jessica
  2477 | D:3      | Killed Jessica
  2477 | D:3      | Reached XP level 6. HP: 46/48 MP: 6/6
  2497 | D:3      | Noticed Robin
  2509 | D:3      | Killed Robin
  2521 | D:3      | Noticed Purgy
  2563 | D:3      | Killed Purgy
  2563 | D:3      | Reached skill level 8 in Long Blades
  2853 | D:3      | Found a faded altar of an unknown god.
  2963 | D:3      | Noticed Natasha
  2985 | D:3      | Killed Natasha
  3015 | D:3      | Noticed Natasha
  3029 | D:3      | Killed Natasha
  3168 | D:3      | Noticed Natasha
  3175 | D:3      | Killed Natasha
  3175 | D:3      | Reached XP level 7. HP: 47/53 MP: 7/7
  3351 | D:3      | Found a runed translucent door.
  3352 | D:3      | Noticed Crazy Yiuf
  3896 | D:4      | Reached skill level 9 in Long Blades
  4631 | D:4      | Reached skill level 10 in Long Blades
  5021 | D:4      | Reached XP level 8. HP: 60/60 MP: 8/8
  5218 | D:4      | Found Hueverufu's Antique Armour Emporium.
  5876 | D:5      | Entered Level 5 of the Dungeon
  5948 | D:4      | Reached skill level 11 in Long Blades
  6107 | D:5      | Noticed Edmund
  6148 | D:4      | Killed Edmund
  6350 | D:5      | Reached skill level 12 in Long Blades
  6585 | D:5      | Noticed Menkaure
  6967 | D:5      | Reached XP level 9. HP: 60/65 MP: 9/9
  7013 | D:5      | Found Guwk's Distillery.
  7021 | D:5      | Bought a potion of heal wounds for 60 gold pieces
  7021 | D:5      | Bought 2 potions of curing for 72 gold pieces
  7021 | D:5      | Bought a potion of heal wounds for 60 gold pieces
  7048 | D:5      | Noticed Duvessa
  7053 | D:5      | Noticed Dowan
  7067 | D:5      | Killed Duvessa
  7067 | D:5      | Reached skill level 13 in Long Blades
  7081 | D:5      | Killed Dowan
  7330 | D:5      | Noticed Sigmund
  7363 | D:5      | Killed Sigmund
  7574 | D:5      | Killed Menkaure
  7917 | D:5      | Reached skill level 14 in Long Blades
  8045 | D:6      | Reached skill level 1 in Evocations
  8336 | D:6      | Found a staircase to the Ecumenical Temple.
  8346 | Temple   | Entered the Ecumenical Temple
  9029 | Temple   | Became a worshipper of Cheibriados the Contemplative
  9054 | D:6      | Reached skill level 5 in Fighting
  9773 | D:7      | Reached skill level 5 in Armour
  9829 | D:7      | Reached * piety under Cheibriados
  9993 | D:7      | Reached XP level 10. HP: 76/76 MP: 12/12
 10019 | D:7      | Found a runed translucent gate.
 10037 | D:7      | Found the +9 staff of Olgreb {rPois}
 10108 | D:6      | Reached skill level 1 in Invocations
 10795 | D:7      | Reached ** piety under Cheibriados
 10973 | D:7      | Found a runed translucent door.
 10976 | D:7      | Found a runed translucent gate.
 10976 | D:7      | Found a runed translucent gate.
 10978 | D:7      | Found a runed translucent door.
 11017 | D:7      | Found Emiu's Book Boutique.
 11373 | D:7      | Reached skill level 5 in Evocations
 11491 | D:7      | Found a basalt altar of Yredelemnul.
 11826 | D:8      | Reached *** piety under Cheibriados
 12447 | D:9      | Noticed a two-headed ogre
 12474 | D:8      | Killed a two-headed ogre
 12754 | D:9      | Reached XP level 11. HP: 83/86 MP: 14/14
 12798 | D:9      | Reached **** piety under Cheibriados
 13347 | D:10     | Entered Level 10 of the Dungeon
 13348 | D:10     | Identified a scroll of acquirement
 13350 | D:10     | Noticed a two-headed ogre
 13457 | D:9      | Reached skill level 5 in Invocations
 14140 | D:10     | Found a staircase to the Orcish Mines.
 14142 | D:10     | Reached ***** piety under Cheibriados
 14176 | D:10     | Noticed Fannar
 14197 | D:10     | Killed Fannar
 14213 | D:10     | Reached skill level 10 in Fighting
 14240 | D:10     | Killed a two-headed ogre
 14240 | D:10     | Reached skill level 10 in Armour
 14342 | D:10     | Killed an unseen horror
 14833 | D:10     | Noticed Grum
 14852 | D:10     | Killed Grum
 15018 | D:10     | Noticed Joseph
 15045 | D:10     | Killed Joseph
 15045 | D:10     | Reached XP level 12. HP: 86/97 MP: 16/16
 15261 | D:11     | Noticed a two-headed ogre
 15791 | D:11     | Found Doguib's Distillery.
 15796 | D:11     | Killed a two-headed ogre
 15951 | D:11     | Noticed an eight-headed hydra
 15973 | D:11     | Killed a 16-headed hydra
 16396 | D:11     | Found a staircase to the Lair.
 16566 | D:11     | Noticed a two-headed ogre
 16574 | D:11     | Killed a two-headed ogre
 16806 | D:12     | Reached skill level 10 in Invocations
 16882 | D:12     | Reached skill level 5 in Shields
 16947 | D:12     | Noticed a two-headed ogre
 16950 | D:12     | Killed a two-headed ogre
 17030 | D:12     | Reached ****** piety under Cheibriados
 17051 | D:12     | Noticed Urug
 17058 | D:12     | Killed Urug
 17567 | D:12     | Gained mutation: You can hop long distances. [Barachi
                  | growth]
 17567 | D:12     | Reached XP level 13. HP: 104/104 MP: 20/20
 18031 | D:3      | Killed Crazy Yiuf
 18207 | Lair:1   | Entered Level 1 of the Lair of Beasts
 18369 | Lair:1   | Noticed Harold
 18379 | Lair:1   | Killed Harold
 19826 | Lair:2   | Noticed Sonja
 19829 | Lair:2   | Killed Sonja
 19866 | Lair:2   | Found a staircase to the Snake Pit.
 20221 | Lair:2   | Noticed Nergalle
 20230 | Lair:2   | Killed Nergalle
 20900 | Lair:3   | Found a staircase to the Shoals.
 22005 | Lair:3   | Reached skill level 10 in Evocations
 22100 | Lair:3   | Reached XP level 14. HP: 88/113 MP: 15/21
 22243 | Lair:4   | Found a hide-covered altar of Uskayaw.
 23248 | Lair:5   | Found a transporter.
 23267 | Lair:5   | Found a transporter.
 23275 | Lair:5   | Noticed lenfi's ghost (journeyman CeHu)
 24177 | Lair:5   | Reached skill level 10 in Shields
 24241 | Lair:6   | Entered Level 6 of the Lair of Beasts
 24638 | Lair:6   | Noticed Kirke
 24646 | Lair:6   | Slain by a harpy

Levels and vault maps discovered:
D:1:      dpeg_arrival_court, layout_loops_ring, serial_rivers,
          chequers_serial_rivers_small_a, chequers_serial_rivers_micro_b,
          chequers_serial_rivers_room_b, chequers_serial_rivers_room_a,
          chequers_serial_rivers_marsh, chequers_serial_rivers_large_b
D:2:      layout_loops_ring, first_ration
D:3:      layout_loops_ring, chequers_ecumenical_altar_grove, solitary_fountain,
          uniq_robin, uniq_natasha, uniq_jessica, uniq_purgy,
          uniq_crazy_yiuf_cottage
D:4:      layout_layer_cave, serial_shops, nicolae_shop_window_shopping
D:5:      layout_rooms, serial_shops, shop, kennysheep_generic_room_10,
          uniq_menkaure, uniq_sigmund, uniq_duvessa, uniq_edmund
D:6:      layout_cave_pools, minmay_temple_entry_offerings
D:7:      layout_loops_ring, kennysheep_mini_moat, serial_shops, shop,
          grunt_livestock, minmay_guarded_unrand_staff_of_olgreb
D:8:      layout_basic
D:9:      layout_roguey
D:10:     layout_cave_pools, erik_orc_1, minmay_misc_feat_hallway,
          minmay_misc_feat_diagonals, uniq_joseph, uniq_grum, uniq_fannar
D:11:     layout_cave_pools, erik_lair_island, serial_shops, nicolae_shop_stone,
          minmay_circle_x
D:12:     layout_loops_corners, uniq_urug
Temple:   nicolae_temple_the_god_donut
Lair:1:   layout_gridlike, uniq_harold
Lair:2:   layout_cave_pods, minmay_snake_entry_guardpost_small,
          grunt_megastairs_2, lemuel_fruit_fields, uniq_sonja, uniq_nergalle
Lair:3:   layout_misc_corridors, minmay_shoals_entry_lonely_mermaid,
          minivault_23
Lair:4:   layout_gridlike, basic_altar
Lair:5:   layout_cave_shapes, gammafunk_ghost_berserking_beasts,
          fungi_pond_lemuel, st_stairs_5, grunt_megastairs_1,
          serial_bayou_shore_b, lemuel_fruit_fields
Lair:6:   due_jungle_book, layout_regular_city, slime_dummy,
          serial_bayou_shore_b, uniq_kirke

Skill      XL: |  1  2  3  4  5  6  7  8  9 10 11 12 13 14 |
---------------+-------------------------------------------+-----
Long Blades    | 3 4 5 7 8 10 12 14 | 14.0
Fighting       | 6 8 10 11 | 11.9
Armour         | 5 8 10 11 | 11.8
Evocations     | 3 5 10 | 10.0
Invocations    | 4 6 10 | 10.0
Shields        | 4 5 8 10 | 10.9

Action                   |  1- 3 |  4- 6 |  7- 9 | 10-12 | 13-15 || total
-------------------------+-------+-------+-------+-------+-------++-------
Melee: Long sword        |   118 |   244 |   592 |   380 |       ||  1334
       Demon blade       |       |       |       |   413 |   420 ||   833
       Unarmed           |       |       |       |       |     3 ||     3
Throw: Stone             |       |       |     1 |       |       ||     1
Invok: Bend Time         |       |       |       |     1 |       ||     1
       Temporal Distorti |       |       |       |     2 |     5 ||     7
       Slouch            |       |       |       |     2 |     5 ||     7
 Abil: Hop               |       |       |     3 |     6 |     2 ||    11
Evoke: Wand              |       |       |       |    16 |    29 ||    45
  Use: Potion            |       |     1 |     1 |       |     1 ||     3
       Scroll            |       |       |    11 |    13 |     4 ||    28
 Stab: Paralysed         |       |       |       |    10 |     7 ||    17
       Confused          |       |       |       |     1 |       ||     1
  Eat: Chunk             |     2 |     7 |    14 |    14 |     8 ||    45
       Ration            |       |       |     3 |     1 |     2 ||     6
Armor: Scale mail        |     4 |       |       |       |       ||     4
       Chain mail        |    66 |   153 |   202 |       |       ||   421
       Plate armour      |       |       |    56 |   426 |   257 ||   739
Dodge: Dodged            |    23 |    39 |    87 |   129 |   106 ||   384
Block: Shield            |    45 |   117 |   250 |   508 |   319 ||  1239
       Rpst.: Long sword |     6 |    11 |    24 |    19 |       ||    60
       Demon blade       |       |       |       |    16 |    21 ||    37
